 Dungeon Crawl Stone Soup version 0.31-a0-198-g2ad674f65e (webtiles) character file.

Game seed: 7367317753649849871

42 qw the Shooter (level 3, 0/20 HPs)
             Began as a Deep Elf Hunter on June 25, 2023.
             Hit by a goblin thrown by Robin (3 damage)
             ... on level 2 of the Dungeon.
             The game lasted 00:00:21 (526 turns).

qw the Shooter (Deep Elf Hunter)                     Turns: 526, Time: 00:00:21

Health: 0/20       AC:  3    Str: 10    XL:     3   Next: 35%
Magic:  5/5        EV: 12    Int: 13    God:
Gold:   49         SH:  0    Dex: 18    Spells: 2/2 levels left

rFire   . . .        Y - +0 shortbow
rCold   . . .        (shield currently unavailable)
rNeg    . . .        c - +0 leather armour
rPois   .            (no helmet)
rElec   .            (no cloak)
rCorr   .            (no gloves)
SInv    .            (no boots)
Will    .....        (no amulet)
Stlth   ++           (no ring)
HPRegen 0.23/turn    (no ring)
MPRegen 0.09/turn

%: no passive effects
@: no status effects
A: no striking features
a: no special abilities


You were on level 2 of the Dungeon.
You visited 1 branch of the dungeon, and saw 2 of its levels.

You collected 49 gold pieces.


   Skills:
 - Level 1.5 Fighting
 + Level 6.9 Ranged Weapons
 - Level 2.4 Dodging
 - Level 1.2 Stealth


You had 2 spell levels left.
You didn't know any spells.
Your spell library was empty.

Inventory:

Hand Weapons
 Y - a +0 shortbow (weapon)
Armour
 c - a +0 leather armour (worn)
Potions
 e - a potion of curing

Dungeon Overview and Level Annotations

Branches:
Dungeon (2/15)

Altars:

Annotations:
D:2 Robin


Message History

The jackal closely misses you.
You hear a shout! x2
You shoot an arrow. The arrow barely misses the jackal.
The jackal bites you but does no damage.
You shoot an arrow. The arrow hits the bat!
You kill the bat!
The jackal completely misses you. The jackal barely misses you.
You shoot an arrow. The arrow barely misses the hobgoblin.
The arrow hits Robin!
Robin is heavily wounded.
A bat comes into view.
The hobgoblin hits you but does no damage.
The jackal bites you.
A goblin comes into view. It is wielding a +0 club.
Robin throws the goblin at you!
The bat moves out of view.
You shoot an arrow. The arrow barely misses the goblin.
The jackal bites you but does no damage. x2
Robin laughs in a distinctly smug fashion.
A goblin comes into view. It is wielding a +0 dagger.
The goblin barely misses you. The hobgoblin barely misses you.
You shoot an arrow. The arrow closely misses the goblin.
The goblin shouts!
You hear a shout!
The jackal misses you.
Robin hits you from afar with a +0 trident!
The goblin hits you with a +0 dagger. The hobgoblin completely misses you.
The jackal barely misses you.
You shoot an arrow. The arrow hits the goblin.
The goblin is moderately wounded.
The jackal barely misses you. Robin closely misses you.
A goblin comes into view. It is wielding a +0 club.
The goblin completely misses you. The hobgoblin barely misses you.
You shoot an arrow. The arrow closely misses the goblin.
The jackal closely misses you. Robin closely misses you.
A goblin comes into view. It is wielding a +0 dagger.
A goblin comes into view. It is wielding a +2 dagger of venom.
The goblin hits you but does no damage. The hobgoblin hits you.
The jackal bites you but does no damage.
You shoot an arrow. The arrow barely misses the goblin.
The jackal bites you. Robin throws the goblin at you!
You die...

.........## ##
......>..<# #.###
..........######.....
..................#
.........####....##
...##..........###
### ###.#####..##
#...g#g<..# ##
#g@..#># #hg..#..#
#..g..##..# #.#%..#
#... ...#g#.. .##.
#####b#..# # g.g...
g...#..


You could see Robin, a jackal, 2 hobgoblins, 6 goblins and a bat.

Vanquished Creatures
  An adder (D:2)
  3 ball pythons
  3 endoplasms (D:1)
  3 giant cockroaches (D:1)
  A goblin (D:1)
  3 hobgoblins (D:1)
  2 jackals (D:2)
  2 quokkas (D:1)
  3 bats
  4 frilled lizards (D:1)
  3 kobolds (D:1)
  2 rats (D:1)
30 creatures vanquished.

Notes
Turn   | Place    | Note
-------+----------+-------------------------------------------
     0 | D:1      | qw the Deep Elf Hunter began the quest for the Orb.
     0 | D:1      | Reached XP level 1. HP: 12/12 MP: 3/3
     0 | D:1      | 0 ||| qw: Version: 0.3-a-22-g0ed2b0b
     0 | D:1      | 0 ||| qw: Game counter: 5415
     0 | D:1      | 0 ||| qw: Melee chars always use a shield: true
     0 | D:1      | 0 ||| qw: God list: Okawaru
     0 | D:1      | 0 ||| qw: Allow faded altars: false
     0 | D:1      | 0 ||| qw: Do Orc after clearing Dungeon:15 true
     0 | D:1      | 0 ||| qw: Do second Lair branch before Depths: true
     0 | D:1      | 0 ||| qw: Lair rune preference: random
     0 | D:1      | 0 ||| qw: Goals: Normal
     0 | D:1      | 0 ||| PLANNING D:1-11
   114 | D:1      | Reached XP level 2. HP: 16/16 MP: 4/4
   115 | D:1      | Reached skill level 6 in Ranged Weapons
   209 | D:1      | 209 ||| FLEEEEING.
   475 | D:1      | 475 ||| READING scroll labelled UJE GIEWUATRU.
   476 | D:1      | 476 ||| READING scroll labelled TUAG RAZAT.
   477 | D:1      | 477 ||| DRINKING 2 fuming black potions.
   478 | D:1      | 478 ||| DROPPING scroll of butterflies.
   510 | D:2      | Reached XP level 3. HP: 20/20 MP: 5/5
   515 | D:2      | Noticed Robin
   525 | D:2      | HP: 4/20 [hobgoblin[Robin] (5)]
   526 | D:2      | Hit by a goblin thrown by Robin

Levels and vault maps discovered:
D:1:      amcnicky_arrival_double_pillar, layout_rooms
D:2:      layout_rooms, uniq_robin

Skill      XL: |  1  2 |
---------------+-------+-----
Ranged Weapons | 6 |  6.9
Fighting       | |  1.5
Dodging        | |  2.4
Stealth        | |  1.2

Action                     || total
---------------------------++-------
   Fire: Shortbow          ||   101
    Use: Scroll            ||     2
         Potion            ||     1
 Armour: Leather armour    ||    14
  Dodge: Dodged            ||    24

Table legend:
 A = Non-vault XP
 B = Vault XP
 C = Vault XP percentage of total XP
 D = Non-vault monster count
 E = Vault monster count
 F = Vault count percentage of total count
                 A         B        C        D         E       F
            +---------+---------+-------+---------+---------+-------
      Total |      61 |       0 |   0.0 |      30 |       0 |   0.0
            +---------+---------+-------+---------+---------+-------
        D:1 |      39 |       0 |   0.0 |      24 |       0 |   0.0
        D:2 |      22 |       0 |   0.0 |       6 |       0 |   0.0
            +---------+---------+-------+---------+---------+-------
